[Event "Titled Tuesday Blitz March 28 Early 2023"]
[White "Baches Garcia, Guillermo"]
[Black "Pichot, Alan"]
[WhiteFideId "2209764"]
[BlackFideId "110973"]
[WhiteElo "2457"]
[BlackElo "2573"]
[Result "0-1"]
[Round "01"]
[TimeControl "180+2"]
[Date "2023.03.28"]
[WhiteClock "0:00:12"]
[BlackClock "0:00:20"]

1. e4 c5 2. Nf3 d6 3. d4 cxd4 4. Nxd4 Nf6 5. Nc3 Nc6 6. Nd5 Nxd5 7. exd5 Qa5+ 8. Bd2 Qxd5 9. Nb5 Qe6+ 10. Be2 Qd7 11. c4 a6 12. Nc3 e6 13. O-O Be7 14. Na4 Qd8 15. Be3 O-O 16. f4 Rb8 17. Bb6 Qd7 18. Qb3 d5 19. cxd5 exd5 20. Rad1 d4 21. f5 Bf6 22. Nc5 Qe7 23. Bf3 Ne5 24. Bd5 Ng4 25. Ne4 Be5 26. h3 Ne3 27. Bc5 Qc7 28. Bxf8 Nxd1 29. Bxg7 Bxg7 30. f6 Bh6 31. Rxd1 Be3+ 32. Kh1 Bf5 33. Nd2 Bc2 34. Rc1 Bxb3 35. Rxc7 Bxd5 0-1


[Site "https://www.chess.com"]

[Event "Titled Tuesday Blitz March 28 Early 2023"]
[White "Van Foreest, Lucas"]
[Black "QuiesPrecatio"]
[WhiteFideId "1039792"]
[WhiteElo "2519"]
[BlackElo "2455"]
[Result "1-0"]
[Round "01"]
[TimeControl "180+2"]
[Date "2023.03.28"]
[WhiteClock "0:01:30"]
[BlackClock "0:00:54"]

1. e4 c6 2. Qg4 d5 3. Qh4 dxe4 4. Nc3 Nf6 5. d3 e5 6. Nxe4 Be7 7. Qg3 Nxe4 8. dxe4 Bf6 9. Bc4 Be6 10. Bxe6 fxe6 11. Ne2 O-O 12. O-O Nd7 13. Qb3 Nc5 14. Qc4 Qe7 15. Be3 Nd7 16. Rad1 Rfd8 17. Nc1 Nb6 18. Qb3 Nd7 19. Qxb7 Rab8 20. Qxc6 Rxb2 21. Bxa7 Nf8 22. Bc5 Rxd1 23. Rxd1 Rxc2 24. Nb3 Qf7 25. Rc1 Rxa2 26. Bxf8 Kxf8 27. Qd6+ Qe7 28. Rc8+ Kf7 29. Rc7 Rb2 30. Rxe7+ Bxe7 31. Qd3 1-0


[Site "https://www.chess.com"]

[Event "Titled Tuesday Blitz March 28 Early 2023"]
[White "Savitha Shri B"]
[Black "Kovalev, Vladislav"]
[WhiteFideId "35061887"]
[BlackFideId "13504398"]
[WhiteElo "2191"]
[BlackElo "2555"]
[Result "0-1"]
[Round "01"]
[TimeControl "180+2"]
[Date "2023.03.28"]
[WhiteClock "0:00:21"]
[BlackClock "0:00:55"]

1. Nf3 Nf6 2. d4 e6 3. c4 d5 4. Nc3 Be7 5. Bg5 h6 6. Bh4 Ne4 7. Bxe7 Qxe7 8. Qc2 Nxc3 9. bxc3 c5 10. e4 cxd4 11. cxd4 Qb4+ 12. Nd2 Nc6 13. Qd3 dxe4 14. Qxe4 Qc3 15. Rd1 Qxd4 16. Qxd4 Nxd4 17. Nb3 Nc2+ 18. Kd2 Nb4 19. Kc3 Nxa2+ 20. Kb2 Nb4 21. c5 Bd7 22. Na5 b6 23. cxb6 axb6 24. Nc4 Ra2+ 25. Kb1 Rxf2 26. Nxb6 Bc6 27. Rd4 Nd5 28. Nxd5 Bxd5 29. Kc1 Ke7 30. Rd2 Rc8+ 31. Kd1 Bb3+ 32. Ke1 Rxd2 33. Kxd2 Rc2+ 34. Kd3 Rc1 35. Rg1 Bc4+ 36. Kd2 Rxf1 0-1


[Site "https://www.chess.com"]

[Event "Titled Tuesday Blitz March 28 Early 2023"]
[White "Pakleza, Zbigniew"]
[Black "Miszler, Levente"]
[WhiteFideId "1119290"]
[BlackFideId "763276"]
[WhiteElo "2410"]
[BlackElo "2176"]
[Result "1-0"]
[Round "01"]
[TimeControl "180+2"]
[Date "2023.03.28"]
[WhiteClock "0:00:18"]
[BlackClock "0:00:35"]

1. d4 Nf6 2. Nf3 g6 3. Bf4 Bg7 4. e3 O-O 5. Be2 d6 6. h3 Nbd7 7. O-O c6 8. c4 Re8 9. Nc3 Qc7 10. Bh2 e5 11. c5 Nd5 12. cxd6 Qxd6 13. dxe5 Qb4 14. Nxd5 cxd5 15. Qxd5 Qxb2 16. Bc4 Rf8 17. Rab1 Qa3 18. e6 Nb6 19. exf7+ Kh8 20. Rxb6 axb6 21. Bd6 Qb2 22. Nd4 Bf5 23. Be5 Rad8 24. Bxg7+ Kxg7 25. Qe5+ Kh6 26. Nxf5+ 1-0


[Site "https://www.chess.com"]

[Event "Titled Tuesday Blitz March 28 Early 2023"]
[White "Gatterer, Florian"]
[Black "Ivic, Velimir"]
[WhiteFideId "811688"]
[BlackFideId "950122"]
[WhiteElo "2221"]
[BlackElo "2563"]
[Result "0-1"]
[Round "01"]
[TimeControl "180+2"]
[Date "2023.03.28"]
[WhiteClock "0:00:07"]
[BlackClock "0:01:40"]

1. c4 e5 2. Nc3 Nc6 3. Nf3 g6 4. d4 exd4 5. Nxd4 Bg7 6. Nxc6 bxc6 7. g3 Ne7 8. Bg2 O-O 9. O-O Rb8 10. Qc2 c5 11. Rd1 d6 12. b3 Bf5 13. e4 Bg4 14. f3 Be6 15. Bb2 Nc6 16. Ne2 Bxb2 17. Qxb2 Bxc4 18. Nf4 Nd4 19. h4 Qf6 20. Kh1 Be6 21. Ne2 Rb4 22. Nf4 g5 23. hxg5 Qxg5 24. Kh2 h5 25. Qf2 h4 26. Bh3 Bxh3 27. Kxh3 hxg3 28. Qxg3 Qxg3+ 29. Kxg3 f5 30. Nd5 Rb7 31. Rg1 c6 32. Kf4+ Kf7 33. Rh1 fxe4 34. Ke3 cxd5 35. Rh7+ Ke6 36. Rxb7 Nc2+ 37. Kd2 Nxa1 38. fxe4 dxe4 39. Rxa7 Ke5 40. Ke3 Rf3+ 41. Ke2 Nc2 42. Re7+ Kd4 43. Rg7 d5 44. Rg5 Rh3 45. a4 Rxb3 46. a5 Ra3 47. a6 Rxa6 48. Rg6 Rxg6 0-1


[Site "https://www.chess.com"]

[Event "Titled Tuesday Blitz March 28 Early 2023"]
[White "Ashraf, Artin"]
[Black "Sowul, Bartosz"]
[WhiteFideId "22514805"]
[BlackFideId "1137590"]
[WhiteElo "2188"]
[BlackElo "2188"]
[Result "1-0"]
[Round "01"]
[TimeControl "180+2"]
[Date "2023.03.28"]
[WhiteClock "0:00:06"]
[BlackClock "0:00:09"]

1. b3 e5 2. Bb2 Nc6 3. c4 d6 4. e3 g6 5. d4 Bg7 6. Nf3 Nge7 7. d5 Nb8 8. e4 O-O 9. Bd3 h6 10. Nbd2 f5 11. Rc1 b6 12. b4 a5 13. a3 axb4 14. axb4 Nd7 15. O-O Nf6 16. Ra1 Rxa1 17. Qxa1 f4 18. c5 bxc5 19. bxc5 g5 20. Nc4 Ne8 21. Qa5 g4 22. Nfd2 f3 23. g3 Ng6 24. cxd6 Qg5 25. dxc7 Qh5 26. Rc1 Nf4 27. gxf4 g3 28. hxg3 Bh3 29. Bf1 Rxf4 30. Ne3 Rh4 31. gxh4 Qg6+ 32. Kh2 Bxf1 33. Rxf1 Qf6 34. c8=Q Qf4+ 35. Kg1 Qxh4 36. Qg4 Qf6 37. Qa8 Qf7 38. Qe6 Kf8 39. Ba3+ Kg8 40. Qaxe8+ Kh7 41. Q8xf7 h5 42. Qeg6+ Kh8 43. Qgxg7# 1-0


[Site "https://www.chess.com"]

[Event "Titled Tuesday Blitz March 28 Early 2023"]
[White "Shubenkova, Veronika"]
[Black "Warmerdam, Max"]
[WhiteFideId "44124040"]
[BlackFideId "1048104"]
[WhiteElo "2027"]
[BlackElo "2518"]
[Result "0-1"]
[Round "01"]
[TimeControl "180+2"]
[Date "2023.03.28"]
[WhiteClock "0:01:07"]
[BlackClock "0:00:59"]

1. e4 e5 2. Nf3 Nc6 3. Bb5 a6 4. Bxc6 dxc6 5. O-O Qf6 6. d3 Ne7 7. Be3 Ng6 8. Nbd2 c5 9. Re1 h6 10. c3 Bd6 11. d4 cxd4 12. cxd4 O-O 13. d5 Nf4 14. Bxf4 Qxf4 15. Nc4 Bg4 16. Nxd6 cxd6 17. h3 Bh5 18. g4 Bg6 19. Qd3 Rac8 20. Nh4 Rc7 21. Nf5 Bxf5 22. gxf5 Rfc8 23. Re3 Rc2 24. Rf1 Rxb2 25. Rg3 Rcc2 26. Rf3 Qg5+ 27. Rg3 Qf4 28. Rg4 Rd2 29. Qg3 Qxg3+ 30. Rxg3 Rxa2 31. Rc1 Rdc2 32. Rf1 Kf8 33. f4 exf4 34. Rxf4 Ra1+ 35. Rf1 Rxf1+ 36. Kxf1 f6 37. Rb3 Rc7 38. Rb6 Rd7 39. Ke2 Ke8 40. Kd3 Kd8 41. Kc4 Kc7 42. Rb1 Kb8 43. Kb4 Rc7 44. Ka5 Ka7 45. Rg1 Rc4 46. Rxg7 Rxe4 47. Rd7 Rd4 48. Rxd6 b6+ 49. Rxb6 Rxd5+ 0-1


[Site "https://www.chess.com"]

[Event "Titled Tuesday Blitz March 28 Early 2023"]
[White "Urazayev, Arystanbek"]
[Black "Zacurdajev, Dmitry"]
[WhiteFideId "13709810"]
[BlackFideId "4196309"]
[WhiteElo "2479"]
[BlackElo "2179"]
[Result "1-0"]
[Round "01"]
[TimeControl "180+2"]
[Date "2023.03.28"]
[WhiteClock "0:01:41"]
[BlackClock "0:00:06"]

1. d4 d5 2. c4 e6 3. Nf3 Nf6 4. Nc3 Be7 5. cxd5 exd5 6. Bf4 c6 7. h3 O-O 8. e3 Nbd7 9. Bd3 Re8 10. O-O Nf8 11. Rb1 a5 12. Qc2 Be6 13. a3 Qc8 14. Na4 Bxh3 15. gxh3 Qxh3 16. Nh2 Ne6 17. Bg3 g6 18. Rfe1 Nh5 19. Bf1 Qf5 20. Qxf5 gxf5 21. Nb6 Rad8 22. Nf3 Ng5 23. Nxg5 Bxg5 24. Bc7 f4 25. Bxd8 Bxd8 26. Na4 f3 27. Nc5 b6 28. Nd3 f6 29. Nf4 Ng7 30. Bh3 Kf7 31. Kh1 Bc7 32. Bg4 f5 33. Bxf3 1-0


[Site "https://www.chess.com"]

[Event "Titled Tuesday Blitz March 28 Early 2023"]
[White "Mogirzan, Matei-Valeriu"]
[Black "Timofeev, Artyom"]
[WhiteFideId "1257455"]
[BlackFideId "4140419"]
[WhiteElo "1733"]
[BlackElo "2586"]
[Result "0-1"]
[Round "01"]
[TimeControl "180+2"]
[Date "2023.03.28"]
[WhiteClock "0:00:02"]
[BlackClock "0:00:22"]

1. e4 e5 2. f4 exf4 3. Nf3 d5 4. exd5 Nf6 5. Be2 Nxd5 6. O-O Bc5+ 7. d4 Be7 8. c4 Ne3 9. Bxe3 fxe3 10. Nc3 O-O 11. Qd3 Nc6 12. Rad1 Bf6 13. Nd5 Bg4 14. Qxe3 Bxf3 15. Nxf6+ Qxf6 16. Rxf3 Qd6 17. d5 Rae8 18. Qd2 Qc5+ 19. Kh1 Ne5 20. Rg3 g6 21. b3 Re7 22. b4 Qf2 23. Qe3 Qxe3 24. Rxe3 Rd8 25. c5 f6 26. Bf3 Kf7 27. d6 cxd6 28. cxd6 Red7 29. Bd5+ Kg7 30. Rde1 b6 31. Bb3 Rxd6 32. Rc3 R8d7 33. Rc8 h5 34. h4 Rd8 35. Rc7+ R6d7 36. Rc3 Ng4 37. Re6 Rd1+ 38. Bxd1 Rxd1+ 0-1


[Site "https://www.chess.com"]

[Event "Titled Tuesday Blitz March 28 Early 2023"]
[White "Asadli, Vugar"]
[Black "Olsson, William"]
[WhiteFideId "13405764"]
[BlackFideId "1741721"]
[WhiteElo "2598"]
[BlackElo "2197"]
[Result "1-0"]
[Round "01"]
[TimeControl "180+2"]
[Date "2023.03.28"]
[WhiteClock "0:00:57"]
[BlackClock "0:00:20"]

1. e4 c5 2. Nf3 d6 3. d4 cxd4 4. Nxd4 Nf6 5. Nc3 g6 6. f3 Bg7 7. Be3 O-O 8. Qd2 Nc6 9. O-O-O d5 10. exd5 Nxd5 11. Nxc6 bxc6 12. Bd4 e5 13. Bc5 Re8 14. Ne4 Qc7 15. h4 h6 16. g4 Be6 17. h5 g5 18. Bc4 Rad8 19. Qf2 Nf4 20. Bxe6 Nxe6 21. Be3 Rd4 22. c3 Rd5 23. Qc2 Red8 24. Qa4 Nf4 25. Qxa7 Qxa7 26. Bxa7 Ra8 27. Be3 Rxa2 28. Kc2 Kf8 29. c4 Rxd1 30. Rxd1 Ra8 31. Rd7 Ke8 32. Rb7 Ne6 33. Nd6+ 1-0


[Site "https://www.chess.com"]

[Event "Titled Tuesday Blitz March 28 Early 2023"]
[White "Cheng, Xiao"]
[Black "Ohanyan, Emin"]
[WhiteFideId "2022915"]
[BlackFideId "13312022"]
[WhiteElo "2449"]
[BlackElo "2402"]
[Result "0-1"]
[Round "01"]
[TimeControl "180+2"]
[Date "2023.03.28"]
[WhiteClock "0:00:13"]
[BlackClock "0:01:06"]

1. e4 e5 2. Nf3 Nc6 3. d4 exd4 4. Nxd4 Nf6 5. Nc3 Nxe4 6. Nxe4 Qe7 7. Qd3 d5 8. Nxc6 bxc6 9. Bg5 Qxe4+ 10. Qxe4+ dxe4 11. O-O-O Bd6 12. Re1 f5 13. f3 Be5 14. fxe4 f4 15. Bc4 h6 16. Bh4 g5 17. Bf2 Ke7 18. Bc5+ Kf6 19. h4 Be6 20. Bxe6 Kxe6 21. c3 g4 22. Kc2 h5 23. Rd1 Rhf8 24. Bxf8 Rxf8 25. Rhf1 Bd6 26. Rd4 Bc5 27. Rc4 Bd6 28. Rxc6 Ke5 29. Kd3 Rd8 30. Rc4 Bc5+ 31. Ke2 Bb6 32. Rd1 f3+ 33. gxf3 gxf3+ 34. Kxf3 Rxd1 35. a4 a5 36. b4 Rf1+ 37. Kg3 axb4 38. cxb4 Rf7 39. a5 Bd4 40. b5 Kxe4 41. Rc6 Rg7+ 42. Kh2 Be5+ 43. Kh1 Kf3 44. Rc5 Bd4 45. Rxh5 Rg1+ 46. Kh2 Rg2+ 47. Kh3 Rg3+ 48. Kh2 Bg1+ 49. Kh1 Be3 50. Kh2 Rg2+ 51. Kh3 Rg1 52. Rf5+ Bf4 53. Rxf4+ Kxf4 54. b6 cxb6 55. axb6 Rb1 56. h5 Kg5 57. h6 Rxb6 0-1


[Site "https://www.chess.com"]

[Event "Titled Tuesday Blitz March 28 Early 2023"]
[White "Ozen, Bahadir"]
[Black "Hindermann, Felix"]
[WhiteFideId "6337058"]
[BlackFideId "1305212"]
[WhiteElo "2503"]
[BlackElo "2206"]
[Result "1-0"]
[Round "01"]
[TimeControl "180+2"]
[Date "2023.03.28"]
[WhiteClock "0:01:20"]
[BlackClock "0:00:01"]

1. g3 c5 2. Bg2 Nc6 3. Nf3 g6 4. O-O Bg7 5. c3 e5 6. d4 cxd4 7. cxd4 e4 8. Ne5 d5 9. Nxc6 bxc6 10. Qc2 Qb6 11. Nd2 Bxd4 12. Nb3 Bg7 13. Be3 Qc7 14. Bf4 Qb6 15. Rac1 Ne7 16. Bd6 Ba6 17. Bxe4 dxe4 18. Qxe4 Bf6 19. Nc5 Rd8 20. Rfd1 O-O 21. Bxe7 Rfe8 22. Rxd8 Rxd8 23. Bxf6 Rc8 24. Qe3 1-0


[Site "https://www.chess.com"]

[Event "Titled Tuesday Blitz March 28 Early 2023"]
[White "ElDivis"]
[Black "Mendonca, Leon Luke"]
[BlackFideId "35028561"]
[WhiteElo "2439"]
[BlackElo "2464"]
[Result "1-0"]
[Round "01"]
[TimeControl "180+2"]
[Date "2023.03.28"]
[WhiteClock "0:00:19"]
[BlackClock "0:00:27"]

1. e4 c5 2. Nf3 b6 3. d4 cxd4 4. Nxd4 Bb7 5. Nc3 Nf6 6. Bd3 Nc6 7. Nxc6 Bxc6 8. O-O e6 9. e5 Nd5 10. Ne4 Nb4 11. a3 Nxd3 12. Qxd3 Be7 13. Nd6+ Bxd6 14. Qxd6 Qe7 15. Qxe7+ Kxe7 16. Bd2 f6 17. Bc3 h5 18. Rfe1 h4 19. Rad1 Rh5 20. Rd4 Rah8 21. Rg4 Kf7 22. exf6 gxf6 23. h3 R8h6 24. f3 Rh8 25. Kf2 e5 26. Rd1 Ke6 27. f4 Rf5 28. Re1 Kf7 29. Kg1 exf4 30. Bb4 Re5 31. Rxf4 Rxe1+ 32. Bxe1 Re8 33. Bxh4 Re2 34. Rxf6+ Kg7 35. Rf2 Re4 36. Bg3 Re1+ 37. Kh2 b5 38. Rf7+ Kxf7 39. Bxe1 Kg6 40. g4 Be4 41. c3 Bd3 42. Bf2 a5 43. Kg3 a4 44. Bd4 Be2 45. h4 Bd1 46. h5+ Kh6 47. Kh4 Kh7 48. g5 Kg8 49. g6 Kf8 50. Kg5 Ke7 51. h6 1-0


[Site "https://www.chess.com"]

[Event "Titled Tuesday Blitz March 28 Early 2023"]
[White "Horvath, Dominik"]
[Black "Meissner, Felix"]
[WhiteFideId "1642561"]
[BlackFideId "24671827"]
[WhiteElo "2407"]
[BlackElo "2350"]
[Result "1-0"]
[Round "01"]
[TimeControl "180+2"]
[Date "2023.03.28"]
[WhiteClock "0:00:05"]
[BlackClock "0:00:18"]

1. e4 c6 2. d4 g6 3. c4 d5 4. cxd5 cxd5 5. Nc3 dxe4 6. Bf4 Nf6 7. h4 h5 8. Bc4 Bg7 9. Nh3 O-O 10. Ng5 Nc6 11. O-O Qxd4 12. Qxd4 Nxd4 13. Rfd1 Ne6 14. Be3 Nxg5 15. hxg5 Ng4 16. Bc5 Ne5 17. Bd5 Nd3 18. Bxe7 Re8 19. Bf6 Bf5 20. Bxb7 Rab8 21. Bc6 Nxb2 22. Bxe8 Nxd1 23. Bxf7+ Kxf7 24. Bxg7 Kxg7 25. Rxd1 Rc8 26. Nb5 Rc2 27. a3 a6 28. Nd4 Ra2 29. Rc1 Rxa3 30. Rc7+ Kf8 31. Nxf5 gxf5 32. Rc5 Kg7 33. Rxf5 Kg6 34. Re5 a5 35. Kh2 a4 36. Ra5 Ra2 37. Kg3 a3 38. f4 Ra1 39. Ra6+ Kf7 40. f5 a2 41. Ra7+ Kf8 42. f6 h4+ 43. Kg4 h3 44. g6 Ke8 45. f7+ Kf8 46. Ra8+ Ke7 47. f8=Q+ Ke6 48. Qf7+ 1-0


[Site "https://www.chess.com"]

[Event "Titled Tuesday Blitz March 28 Early 2023"]
[White "Gonzalez, Francisco Silva"]
[Black "Smirnov, Pavel"]
[WhiteFideId "1512285"]
[BlackFideId "4123425"]
[WhiteElo "2074"]
[BlackElo "2519"]
[Result "0-1"]
[Round "01"]
[TimeControl "180+2"]
[Date "2023.03.28"]
[WhiteClock "0:00:49"]
[BlackClock "0:02:03"]

1. d4 Nf6 2. c4 e6 3. Nc3 Bb4 4. a3 Bxc3+ 5. bxc3 c5 6. e3 O-O 7. Bd3 Nc6 8. e4 cxd4 9. cxd4 Nxd4 10. e5 Qa5+ 11. Kf1 Ne8 12. Bb2 Nc6 13. Nf3 f5 14. exf6 Nxf6 15. h4 d5 16. Qe2 dxc4 17. Bxc4 Kh8 18. Rd1 e5 19. Ng5 Bg4 20. f3 Bh5 21. g4 Nxg4 22. Kg2 Nf6 23. Qe3 Qb6 24. Qd2 e4 25. fxe4 Nxe4 26. Bd4 Nxd2 27. Bxb6 Nxc4 28. Bc5 Rfd8 29. Rde1 Rd2+ 30. Kg3 Rd3+ 31. Kg2 h6 32. Re6 Kg8 33. Rb1 hxg5 34. Rxb7 Bf3+ 35. Kf2 N6e5 36. Rxa7 Ng4+ 37. Kg3 Rxa7 38. Re8+ Kh7 39. Re3 Ngxe3 40. Bd4 Rxd4 41. h5 Rf7 42. h6 Rd2 43. hxg7 Rg2+ 44. Kh3 Bg4# 0-1


[Site "https://www.chess.com"]

[Event "Titled Tuesday Blitz March 28 Early 2023"]
[White "Boyer, Mahel"]
[Black "Bas Mas, Jose Joaquin"]
[WhiteFideId "45102422"]
[BlackFideId "22219064"]
[WhiteElo "2439"]
[BlackElo "2233"]
[Result "1-0"]
[Round "01"]
[TimeControl "180+2"]
[Date "2023.03.28"]
[WhiteClock "0:00:25"]
[BlackClock "0:00:06"]

1. Nf3 Nf6 2. g3 e6 3. Bg2 d5 4. O-O Be7 5. d3 O-O 6. Nc3 d4 7. Nb1 c5 8. Na3 Nc6 9. Nc4 Re8 10. c3 h6 11. cxd4 cxd4 12. a3 a5 13. Qb3 a4 14. Qb5 Nd5 15. Bd2 Ra7 16. Nfe5 Nxe5 17. Nxe5 Bf6 18. Nc4 Bd7 19. Qc5 b6 20. Qd6 Be7 21. Qe5 Bf6 22. Qd6 Be7 23. Qe5 Bf6 24. Qh5 Bb5 25. Rac1 Bxc4 26. Rxc4 b5 27. Rc5 g6 28. Qxh6 Bg7 29. Qg5 Qb6 30. Rfc1 Bf6 31. Qg4 Bg7 32. Rc6 Qb8 33. Bxd5 exd5 34. Rc8 Qe5 35. Rxe8+ Qxe8 36. Rc8 1-0


[Site "https://www.chess.com"]

[Event "Titled Tuesday Blitz March 28 Early 2023"]
[White "Balla, Tamas-Kristof"]
[Black "Dzhumagaliev, Yan"]
[WhiteFideId "1208497"]
[BlackFideId "24100110"]
[WhiteElo "2334"]
[BlackElo "2476"]
[Result "0-1"]
[Round "01"]
[TimeControl "180+2"]
[Date "2023.03.28"]
[WhiteClock "0:00:02"]
[BlackClock "0:01:24"]

1. e4 c5 2. Nf3 e6 3. c3 d5 4. exd5 exd5 5. d4 Nf6 6. Be3 Ng4 7. Bb5+ Nc6 8. O-O Nxe3 9. fxe3 Bd6 10. Nbd2 O-O 11. e4 cxd4 12. cxd4 Qb6 13. Bxc6 bxc6 14. e5 Be7 15. Nb3 a5 16. Qc2 Rb8 17. Rf2 g6 18. Rc1 Bd7 19. Nc5 Bf5 20. Qc3 Qb4 21. a3 Qxc3 22. Rxc3 Rb6 23. Ne1 Rfb8 24. Ned3 Bxc5 25. Nxc5 Rxb2 26. Rxb2 Rxb2 27. h3 h5 28. Kh2 h4 29. Na4 Rd2 30. Rxc6 Be4 0-1


[Site "https://www.chess.com"]

[Event "Titled Tuesday Blitz March 28 Early 2023"]
[White "Real_OceanStorm"]
[Black "Fernandez Garcia, Gumersindo"]
[BlackFideId "24516740"]
[WhiteElo "2801"]
[BlackElo "2093"]
[Result "1-0"]
[Round "01"]
[TimeControl "180+2"]
[Date "2023.03.28"]
[WhiteClock "0:01:32"]
[BlackClock "0:00:14"]

1. e4 c5 2. c3 g6 3. d4 cxd4 4. cxd4 d5 5. e5 Bg7 6. Nf3 Nc6 7. Nc3 Nh6 8. Bb5 O-O 9. h3 f6 10. O-O fxe5 11. Bxh6 Bxh6 12. dxe5 e6 13. Ne2 Rxf3 14. Bxc6 bxc6 15. gxf3 Qg5+ 16. Ng3 Qxe5 17. Qa4 Bd7 18. Qh4 Bg5 19. Rae1 Bxh4 20. Rxe5 Bf6 21. Re2 e5 22. Kg2 h5 23. Rd1 Be6 24. f4 e4 25. Rc2 Rc8 26. Ne2 Kf7 27. Nd4 Bd7 28. Rc5 Rc7 29. Nb5 Be7 30. Rcxd5 cxd5 31. Nxc7 Bc6 32. Nxd5 e3 33. fxe3 Bf6 34. b3 Ke6 35. e4 Bh4 36. Kf3 Bd8 37. Nb4 1-0


[Site "https://www.chess.com"]

[Event "Titled Tuesday Blitz March 28 Early 2023"]
[White "Kopczynski, Michal"]
[Black "Kilic, Eray"]
[WhiteFideId "1124200"]
[BlackFideId "44517173"]
[WhiteElo "2212"]
[BlackElo "2328"]
[Result "0-1"]
[Round "01"]
[TimeControl "180+2"]
[Date "2023.03.28"]
[WhiteClock "0:01:02"]
[BlackClock "0:01:40"]

1. e4 c5 2. d4 cxd4 3. c3 dxc3 4. Nxc3 e6 5. f4 Nc6 6. Nf3 Bc5 7. Bd3 d6 8. Qe2 Nf6 9. Bd2 O-O 10. O-O-O e5 11. Kb1 Bg4 12. h3 Nd4 13. Qf1 Nxf3 14. gxf3 Bh5 15. fxe5 dxe5 16. Bg5 h6 17. Bh4 Bd4 18. Nd5 g5 19. Qg2 Nxd5 20. exd5 Qxd5 21. Bxg5 Qxf3 22. Qxf3 Bxf3 23. Bxh6 Bxd1 24. Bxf8 Bf3 25. Rf1 Bg2 0-1


[Site "https://www.chess.com"]

[Event "Titled Tuesday Blitz March 28 Early 2023"]
[White "Nagy, Gabor"]
[Black "Pasti, Aron"]
[WhiteFideId "737119"]
[BlackFideId "785857"]
[WhiteElo "2510"]
[BlackElo "2173"]
[Result "1-0"]
[Round "01"]
[TimeControl "180+2"]
[Date "2023.03.28"]
[WhiteClock "0:00:48"]
[BlackClock "0:00:50"]

1. d4 d5 2. Nc3 Nf6 3. Bf4 Bf5 4. e3 e6 5. Bd3 Bxd3 6. cxd3 Nbd7 7. Qb3 Rb8 8. Nb5 Rc8 9. Nxa7 Ra8 10. Nb5 Rc8 11. Rc1 c5 12. Nf3 Qa5+ 13. Ke2 Be7 14. Nd6+ Bxd6 15. Bxd6 Qa6 16. dxc5 Ne4 17. Rhd1 Nexc5 18. Bxc5 Nxc5 19. Qb4 b6 20. a3 O-O 21. Rc3 Nd7 22. Rdc1 Rc5 23. Kd2 Rfc8 24. d4 Rc4 25. Rxc4 dxc4 26. Ke1 b5 27. Nd2 Nb6 28. e4 Rd8 29. Nf3 Qa4 30. Qe7 Rc8 31. Qb7 Qa5+ 32. Kf1 Rd8 33. Ne5 Rf8 34. Ke2 Na4 35. Nc6 Qa8 36. Qxa8 Rxa8 37. Rc2 Rc8 38. Ne7+ Kf8 39. Nxc8 Ke8 40. Nd6+ 1-0


[Site "https://www.chess.com"]

[Event "Titled Tuesday Blitz March 28 Early 2023"]
[White "Begunov, Konstantin"]
[Black "Flores, Diego"]
[WhiteFideId "4118510"]
[BlackFideId "108049"]
[WhiteElo "2079"]
[BlackElo "2606"]
[Result "1/2-1/2"]
[Round "01"]
[TimeControl "180+2"]
[Date "2023.03.28"]
[WhiteClock "0:00:05"]
[BlackClock "0:00:19"]

1. d4 Nf6 2. c4 e6 3. Nf3 c5 4. Nc3 cxd4 5. Nxd4 a6 6. g3 Qc7 7. Bg2 Nc6 8. O-O Be7 9. b3 d6 10. Bb2 Bd7 11. Rc1 Nxd4 12. Qxd4 O-O 13. Ne4 Rfd8 14. Rfd1 Bc6 15. Rd2 Rac8 16. Qe3 Nxe4 17. Bxe4 Bf8 18. Rcd1 Qa5 19. Bc3 Qh5 20. Bf3 Bxf3 21. Qxf3 Qxf3 22. exf3 b5 23. Ba5 Rd7 24. Bb4 bxc4 25. bxc4 Rc6 26. f4 f5 27. Kg2 Kf7 28. Kf3 Be7 29. Rd3 g6 30. h3 h5 31. h4 Bf8 32. Ba3 Ke8 33. Rd4 Kf7 34. Rb1 Rdc7 35. Rbd1 Rd7 36. Rb1 Bg7 37. Rd3 Rxc4 38. Rb6 d5 39. Rxa6 Bd4 40. Bc1 Bc5 41. Be3 d4 42. Bd2 Rc2 43. a4 Ba7 44. a5 Rb7 45. Ke2 Ra2 46. Rd6 Bc5 47. Rc6 Bb4 48. Rxd4 Bxa5 49. Rcd6 Kf6 50. Kf3 Rb3+ 51. Kg2 Bb6 52. Rd3 Rxd3 53. Rxd3 Ba5 54. Bxa5 Rxa5 55. Re3 Rd5 56. Kf3 Rd4 57. Kg2 Ke7 58. Kf3 Kd6 59. Kg2 Kd5 60. Kf3 Re4 61. Rxe4 fxe4+ 62. Ke3 e5 63. f3 exf3 64. Kxf3 Kd4 65. fxe5 Kxe5 66. Ke3 Kf5 67. Kf3 Ke5 68. Ke3 Kf5 69. Kf3 Ke5 1/2-1/2


[Site "https://www.chess.com"]

[Event "Titled Tuesday Blitz March 28 Early 2023"]
[White "Xu, Yi"]
[Black "Thecourseoisildur"]
[WhiteFideId "8605564"]
[WhiteElo "2471"]
[BlackElo "2431"]
[Result "1-0"]
[Round "01"]
[TimeControl "180+2"]
[Date "2023.03.28"]
[WhiteClock "0:00:20"]
[BlackClock "0:00:01"]

1. e4 c5 2. Nf3 e6 3. d4 cxd4 4. Nxd4 Nf6 5. Nc3 Nc6 6. Nxc6 bxc6 7. e5 Nd5 8. Ne4 Bb7 9. Be2 c5 10. O-O Qc7 11. Nd6+ Bxd6 12. exd6 Qc6 13. f3 c4 14. Qd4 O-O 15. Bxc4 Qxd6 16. b3 Qb6 17. Bb2 e5 18. Qxb6 Nxb6 19. Bd3 d6 20. a4 Nd7 21. a5 Nc5 22. Be2 Ba6 23. Bxa6 Nxa6 24. Rfd1 Rfd8 25. Rd2 f6 26. Rad1 Rac8 27. Rxd6 Rxd6 28. Rxd6 Rxc2 29. Bxe5 Nc5 30. Bf4 Nxb3 31. a6 Ra2 32. Be3 Na5 33. Rd8+ Kf7 34. Rd7+ Kg6 35. Rxa7 Nc4 36. Bd4 Nd6 37. Ra8 Nb5 38. Bb6 Ra1+ 39. Kf2 Ra2+ 40. Kg3 Nc3 41. a7 Ne2+ 42. Kf2 Nc3+ 43. Ke1 Nb5 44. h3 Nxa7 45. Rxa7 Rxg2 46. Bf2 Rh2 47. h4 h5 48. Kf1 Rh3 49. Kg2 1-0


[Site "https://www.chess.com"]

[Event "Titled Tuesday Blitz March 28 Early 2023"]
[White "Kashtanov, Ruslan"]
[Black "Wong, Yinn Long"]
[WhiteFideId "4124871"]
[BlackFideId "5707684"]
[WhiteElo "2276"]
[BlackElo "2271"]
[Result "0-1"]
[Round "01"]
[TimeControl "180+2"]
[Date "2023.03.28"]
[WhiteClock "0:00:04"]
[BlackClock "0:00:40"]

1. e4 e6 2. d4 d5 3. Nd2 h6 4. Bd3 c5 5. Ngf3 Nf6 6. exd5 Qxd5 7. O-O cxd4 8. Nb3 Nc6 9. Nbxd4 Nxd4 10. Nxd4 Bd7 11. Be3 Bc5 12. Nb5 Rc8 13. c4 Qc6 14. Nxa7 Bxa7 15. Bxa7 O-O 16. Bd4 Ne8 17. Qe2 Nd6 18. b3 Rfe8 19. Qe5 f6 20. Qh5 e5 21. Bb2 Be6 22. Rad1 Bf7 23. Qg4 h5 24. Qh3 Rcd8 25. Be2 g6 26. Rd3 Be6 27. Qg3 Kf7 28. Rfd1 Nf5 29. Qf3 e4 30. Rxd8 exf3 31. Bxf3 Rxd8 32. Rxd8 Qc7 33. Ra8 Nh4 34. Be4 Qd7 35. h3 b6 36. Rb8 Qd1+ 37. Kh2 Qd6+ 0-1


[Site "https://www.chess.com"]

[Event "Titled Tuesday Blitz March 28 Early 2023"]
[White "Idani, Pouya"]
[Black "Toktomushev, Teimur"]
[WhiteFideId "12510130"]
[BlackFideId "14176726"]
[WhiteElo "2574"]
[BlackElo "2116"]
[Result "1-0"]
[Round "01"]
[TimeControl "180+2"]
[Date "2023.03.28"]
[WhiteClock "0:00:06"]
[BlackClock "0:00:01"]

1. e4 c5 2. Nc3 e6 3. d4 cxd4 4. Qxd4 Nc6 5. Qe3 Nf6 6. Nf3 Bb4 7. a3 Ba5 8. Bd2 O-O 9. e5 Ng4 10. Qf4 Nh6 11. Bd3 d6 12. exd6 e5 13. Qa4 Nf5 14. O-O-O Re8 15. Bg5 f6 16. Ne4 fxg5 17. Nexg5 Be6 18. Nxe6 Rxe6 19. Bxf5 Rxd6 20. Qg4 g6 21. Bd3 Kg7 22. Ng5 Qe7 23. Bc4 Rf8 24. Ne6+ Rxe6 25. Bxe6 Rf4 26. Qh3 Nd4 27. Bb3 Rxf2 28. c3 Nxb3+ 29. Kb1 Nd2+ 30. Ka1 Nb3+ 31. Ka2 Bxc3 32. Kxb3 Rxb2+ 33. Kxc3 Qxa3+ 34. Kc4 Rb4+ 35. Kd5 Qa5+ 36. Ke6 Rb6+ 37. Ke7 Qc5+ 38. Ke8 Qc6+ 39. Qd7+ Qxd7+ 40. Rxd7+ Kh6 41. Rd3 e4 42. Re3 Re6+ 43. Kd7 Re5 44. Rhe1 b5 45. Rxe4 Rd5+ 46. Kc6 Rg5 47. Rb4 Rxg2 48. h4 a6 49. Kb6 Ra2 50. Re7 Ra3 51. Ra7 1-0


[Site "https://www.chess.com"]